 Dungeon Crawl Stone Soup version 0.19.1 (webtiles) character file.

989 Faca the Chopper (level 8, 62/62 HPs)
             Began as a Formicid Fighter on Dec 4, 2016.
             Was an Initiate of Okawaru.
             Starved to death
             ... on level 5 of the Dungeon.
             The game lasted 00:11:16 (3814 turns).

Faca the Chopper (Formicid Fighter)                 Turns: 3814, Time: 00:11:17

Health: 62/62      AC: 14    Str: 21    XL:     8   Next: 41%
Magic:  8/8        EV:  6    Int:  8    God:    Okawaru [......]
Gold:   260        SH: 11    Dex: 18    Spells: 0 memorised, 7 levels left

rFire  . . .     SeeInvis +     a - +1 war axe
rCold  . . .     Gourm    .     j - +2 plate armour {rPois}
rNeg   . . .     Faith    .     c - +0 shield
rPois  +         Spirit   .     (helmet unavailable)
rElec  .         Reflect  .     (no cloak)
rCorr  .         Harm     .     (no gloves)
MR     .....                    (no boots)
Stlth  ..........               (no amulet)
                                g - +4 ring of dexterity
                                b - +2 ring of dexterity

@: fainting
A: permanent stasis, dig shafts and tunnels, four strong arms, antennae 3
a: Dig, Shaft Self, Renounce Religion


You were on level 5 of the Dungeon.
You worshipped Okawaru.
Okawaru was noncommittal.
You were fainting.

You visited 2 branches of the dungeon, and saw 6 of its levels.
You also visited: Sewer.

You collected 260 gold pieces.

Inventory:

Hand Weapons
 a - a +1 war axe (weapon)
Armour
 c - a +0 shield (worn)
 j - a +2 plate armour of poison resistance (worn)
Jewellery
 b - a +2 ring of dexterity (left hand)
 f - an uncursed ring of fire
 g - a +4 ring of dexterity (right hand)
Wands
 i - a wand of polymorph (10/24)
 k - a wand of flame (14/48)
Scrolls
 h - a scroll of recharging
Potions
 d - a potion of might
 e - a potion of agility
 l - a potion of flight {unknown}
 m - a potion of lignification {unknown}
 n - 2 potions of curing {unknown}


   Skills:
 + Level 5.0 Fighting
 + Level 6.5 Axes
 + Level 5.1 Armour
 + Level 1.0 Dodging
 + Level 6.2 Shields


You had 7 spell levels left.
You didn't know any spells.

Dungeon Overview and Level Annotations

Branches:
Dungeon (5/15)             Temple (1/1) D:5

Altars:
Fedhas
Okawaru
Ru


Innate Abilities, Weirdness & Mutations

You are under a permanent stasis effect.
You can dig through walls and to a lower floor.
Your four strong arms can wield two-handed weapons with a shield.
You have a pair of large antennae on your head. (SInv)


Message History

The hungry ghost hits you.
You feel slightly more hungry.
You miss the hungry ghost.
The hungry ghost is almost destroyed.
The hungry ghost hits you.
You feel slightly more hungry.
You hit the hungry ghost but do no damage.
The hungry ghost is almost destroyed.
You block the hungry ghost's attack. The hungry ghost hits you.
You feel slightly more hungry.
You hit the hungry ghost but do no damage.
The hungry ghost is almost destroyed.
The hungry ghost hits you.
You feel slightly more hungry.
You hit the hungry ghost.
You destroy the hungry ghost!
Okawaru accepts your kill.
Your Fighting skill increases to level 5!
Your Armour skill increases to level 5!
You're too hungry to rest.
You need to eat something NOW!
You have starved to death.
You die...

#.## #.#...................#
#..# #.#...................#
##.####.................#...#
#...##.....(...........#...#
###.....#.............## ..#
###.#.##...........## ##
#...###.........## ##...#
#.........# #....#
#...@.....#
#....###>........#
#.#...##.........# ##
##.##..##)........# .#
#..##.......####.## .#
#.###>..##..####..#####
.####.#####..#..............
..................####.####.
..........##.####.# ...


There were no monsters in sight!

Vanquished Creatures
  Sigmund (D:4)
  A hungry ghost (D:5)
  Menkaure (D:5)
  The ghost of f0rbidden the Slasher, an amateur HEFi of Okawaru (D:3)
  A crocodile (Sewer)
  2 scorpions (D:5)
  A hound (D:4)
  A centaur skeleton (D:4)
  An iguana (D:4)
  2 worker ants (D:4)
  9 adders
  A shadow imp (D:5)
  4 oozes
  2 dart slugs
  3 worms (D:2)
  5 leopard geckos
  An orc (D:4)
  12 bats
  3 giant cockroaches
  4 goblins
  3 hobgoblins
  7 jackals
  8 kobolds
  2 quokkas
  A ball python (D:1)
  3 frilled lizards
  6 rats
86 creatures vanquished.

Notes
Turn   | Place    | Note
-------+----------+-------------------------------------------
     0 | D:1      | Faca the Formicid Fighter began the quest for the Orb.
     0 | D:1      | Reached XP level 1. HP: 18/18 MP: 1/1
   179 | D:1      | Reached XP level 2. HP: 24/24 MP: 2/2
   888 | D:2      | Reached XP level 3. HP: 25/29 MP: 3/3
  1107 | D:2      | Reached XP level 4. HP: 28/36 MP: 4/4
  1667 | D:3      | Noticed f0rbidden's ghost (amateur HEFi)
  1678 | D:3      | Killed f0rbidden's ghost
  1678 | D:3      | Reached skill level 5 in Shields
  1678 | D:3      | Reached XP level 5. HP: 30/42 MP: 5/5
  1678 | D:3      | Reached XP level 6. HP: 34/48 MP: 6/6
  1755 | D:3      | Found a glowing drain.
  1767 | Sewer    | Entered a sewer
  2632 | D:4      | Noticed Sigmund
  2633 | D:4      | Found a sacrificial altar of Ru.
  2642 | D:4      | Killed Sigmund
  2642 | D:4      | Reached skill level 5 in Axes
  2642 | D:4      | Reached XP level 7. HP: 54/55 MP: 7/7
  3266 | D:5      | Entered Level 5 of the Dungeon
  3292 | D:5      | Noticed Menkaure
  3304 | D:5      | Killed Menkaure
  3304 | D:5      | Reached XP level 8. HP: 17/61 MP: 8/8
  3312 | D:5      | Reached skill level 1 in Dodging
  3335 | D:5      | HP: 3/61 [poisoned by a scorpion]
  3343 | D:5      | HP: 3/61 [poisoned by a scorpion]
  3650 | D:5      | Found a staircase to the Ecumenical Temple.
  3669 | Temple   | Entered the Ecumenical Temple
  3704 | Temple   | Became a worshipper of Warmaster Okawaru
  3806 | D:5      | Reached skill level 5 in Fighting
  3806 | D:5      | Reached skill level 5 in Armour
  3814 | D:5      | Starved to death

Skill      XL: |  1  2  3  4  5  6  7  8 |
---------------+-------------------------+-----
Shields        | 4 5 6 |  6.2
Armour         | 4 5 |  5.1
Fighting       | 4 5 |  5.0
Axes           | 3 5 6 |  6.5
Dodging        | 1 |  1.0

Action                   |  1- 3 |  4- 6 |  7- 9 || total
-------------------------+-------+-------+-------++-------
Melee: War axe           |   135 |   142 |    95 ||   372
  Use: Scroll            |     7 |     3 |     1 ||    11
  Eat: Beef jerky        |     1 |       |       ||     1
       Bread ration      |       |     1 |     2 ||     3
Armor: Chain mail        |    81 |     1 |       ||    82
       Plate armour      |       |    79 |    65 ||   144
Dodge: Dodged            |    48 |    39 |    17 ||   104
Block: Shield            |    98 |    78 |    52 ||   228
